TOP OF THE 1ST |
Yellowknife Dragonblood batting - Pitching for Athletic Club KC U-21 : RHP Haden Pittman
|
Pitching: RHP Haden Pittman
|
|
Batting: RHB Roberto Vázquez
|
0-0: Called Strike 0-1: Fly out, F9 (Flyball, 9LM)
|
Batting: LHB Gonzalo Álvarez
|
0-0: Ball 1-0: Ball 2-0: Ball 3-0: Called Strike 3-1: Ground out U3 (Groundball, 3S)
|
Batting: RHB Sacha Nieuwenburg
|
0-0: Reached on error, E5 (Groundball, 56)
|
Batting: LHB Cisco Padilla
|
0-0: Ball 1-0: Called Strike 1-1: Ball 2-1: Ball 3-1: Foul Ball, location: 2F 3-2: SINGLE (Line Drive, 78S) Sacha Nieuwenburg to second Sacha Nieuwenburg to third
|
Batting: RHB Rodriguo Condea
|
0-0: Foul Ball, location: 2F 0-1: SINGLE (Line Drive, 78S) Sacha Nieuwenburg scores Cisco Padilla to second
|
Batting: LHB José Vargas
|
0-0: Fly out, F7 (Flyball, 78M)
|
Top of the 1st over - 1 run(s), 2 hit(s), 1 error(s), 2 left on base; Yellowknife 1 - Athletic Club KC 0 |
BOTTOM OF THE 1ST |
Athletic Club KC U-21 batting - Pitching for Yellowknife Dragonblood : RHP Esteban Ruíz
|
Pitching: RHP Esteban Ruíz
|
|
Batting: RHB Aurelio Álvarez
|
0-0: Ball 1-0: Called Strike 1-1: Foul Ball, location: 2F 1-2: Strikes out swinging
|
Batting: SHB Brent Adams
|
0-0: Ball 1-0: Ground out U3 (Groundball, 3S)
|
Batting: RHB José Flores
|
0-0: Called Strike 0-1: Called Strike 0-2: Fly out, F8 (Flyball, 8RM)
|
Bottom of the 1st over - 0 run(s), 0 hit(s), 0 error(s), 0 left on base; Yellowknife 1 - Athletic Club KC 0 |
TOP OF THE 2ND |
Yellowknife Dragonblood batting - Pitching for Athletic Club KC U-21 : RHP Haden Pittman
|
Batting: RHB Jason Mann
|
0-0: Ball 1-0: Ball 2-0: Foul Ball, location: 2F 2-1: Swinging Strike 2-2: Strikes out swinging
|
Batting: RHB Tomás Martínez
|
0-0: Ball 1-0: DOUBLE (Groundball, 5L)
|
Batting: SHB Mitch Qualtrough
|
0-0: Ball 1-0: Foul Ball, location: 2F 1-1: Ball 2-1: Foul Ball, location: 2F 2-2: SINGLE (Groundball, 25) (infield hit) Tomás Martínez to third
|
Batting: RHB Roberto Vázquez
|
0-0: Ball 1-0: Foul Ball, location: 2F 1-1: Ball 2-1: Ball 3-1: Fly out, F9 (Flyball, 9LM) Runner from 3rd tags up, SCORES, throw made
|
Batting: LHB Gonzalo Álvarez
|
0-0: Ball Mitch Qualtrough steals 2nd base 1-0: Foul Ball, location: 2F 1-1: Ball 2-1: Foul Ball, location: 2F 2-2: Strikes out swinging
|
Top of the 2nd over - 1 run(s), 2 hit(s), 0 error(s), 1 left on base; Yellowknife 2 - Athletic Club KC 0 |
BOTTOM OF THE 2ND |
Athletic Club KC U-21 batting - Pitching for Yellowknife Dragonblood : RHP Esteban Ruíz
|
Batting: LHB Domingo Gutiérrez
|
0-0: Swinging Strike 0-1: Ball 1-1: Foul Ball, location: 2F 1-2: Ground out 4-3 (Groundball, 4M)
|
Batting: RHB Maurice Quinn
|
0-0: Ball 1-0: Called Strike 1-1: Ball 2-1: Ball 3-1: Foul Ball, location: 2F 3-2: Fly out, F7 (Flyball, 78S)
|
Batting: SHB Fernando Luna
|
0-0: Ball 1-0: Ball 2-0: Fly out, F8 (Flyball, 8RM)
|
Bottom of the 2nd over - 0 run(s), 0 hit(s), 0 error(s), 0 left on base; Yellowknife 2 - Athletic Club KC 0 |
TOP OF THE 3RD |
Yellowknife Dragonblood batting - Pitching for Athletic Club KC U-21 : RHP Haden Pittman
|
Batting: RHB Sacha Nieuwenburg
|
0-0: Foul Ball, location: 2F 0-1: Swinging Strike 0-2: Ball 1-2: Strikes out swinging
|
Batting: LHB Cisco Padilla
|
0-0: Ball 1-0: Called Strike 1-1: Foul Ball, location: 2F 1-2: Strikes out swinging
|
Batting: RHB Rodriguo Condea
|
0-0: Called Strike 0-1: Ball 1-1: Ball 2-1: Called Strike 2-2: Ball 3-2: Base on Balls
|
Batting: LHB José Vargas
|
0-0: Ball 1-0: Called Strike 1-1: Foul Ball, location: 2F 1-2: Ball 2-2: Fly out, F9 (Flyball, 89M)
|
Top of the 3rd over - 0 run(s), 0 hit(s), 0 error(s), 1 left on base; Yellowknife 2 - Athletic Club KC 0 |
BOTTOM OF THE 3RD |
Athletic Club KC U-21 batting - Pitching for Yellowknife Dragonblood : RHP Esteban Ruíz
|
Batting: SHB Eric Moore
|
0-0: Swinging Strike 0-1: Ball 1-1: Fly out, F9 (Flyball, 89S)
|
Batting: RHB Iván Chacón
|
0-0: Called Strike 0-1: Ground out 6-3 (Groundball, 6)
|
Batting: RHB Diego Bonilla
|
0-0: Swinging Strike 0-1: SOLO HOME RUN (Flyball, 7LD), Distance : 356 ft
|
Batting: RHB Aurelio Álvarez
|
0-0: Ball 1-0: Foul Ball, location: 2F 1-1: Swinging Strike 1-2: Foul Ball, location: 2F 1-2: Strikes out swinging
|
Bottom of the 3rd over - 1 run(s), 1 hit(s), 0 error(s), 0 left on base; Yellowknife 2 - Athletic Club KC 1 |
TOP OF THE 4TH |
Yellowknife Dragonblood batting - Pitching for Athletic Club KC U-21 : RHP Haden Pittman
|
Batting: RHB Jason Mann
|
0-0: Foul Ball, location: 2F 0-1: Foul Ball, location: 2F 0-2: Foul Ball, location: 2F 0-2: Ball 1-2: Ball 2-2: SINGLE (Line Drive, 56D)
|
Batting: RHB Tomás Martínez
|
0-0: Ball 1-0: Grounds into double play, 6-4-3 (Groundball, 6M)
|
Batting: SHB Mitch Qualtrough
|
0-0: Ball 1-0: Foul Ball, location: 2F 1-1: Fly out, F9 (Flyball, 9M)
|
Top of the 4th over - 0 run(s), 1 hit(s), 0 error(s), 0 left on base; Yellowknife 2 - Athletic Club KC 1 |
BOTTOM OF THE 4TH |
Athletic Club KC U-21 batting - Pitching for Yellowknife Dragonblood : RHP Esteban Ruíz
|
Batting: SHB Brent Adams
|
0-0: Ball 1-0: Foul Ball, location: 2F 1-1: Ball 2-1: Called Strike 2-2: SINGLE (Line Drive, 8LS)
|
Batting: RHB José Flores
|
0-0: Foul Ball, location: 2F 0-1: Foul Ball, location: 2F 0-2: Ball 1-2: DOUBLE (Flyball, 78M) Brent Adams to third
|
Batting: LHB Domingo Gutiérrez
|
0-0: Ball 1-0: Ball 2-0: Ball 3-0: Called Strike 3-1: Called Strike 3-2: SINGLE (Line Drive, 4MD) Brent Adams scores José Flores to third
|
Batting: RHB Maurice Quinn
|
0-0: Called Strike 0-1: Fielders Choice at 2nd, 6-4 (Groundball, 6M) José Flores scores
|
Batting: SHB Fernando Luna
|
0-0: Called Strike 0-1: Foul Ball, location: 2F 0-2: Ball 1-2: Fly out, F8 (Flyball, 8RD) Runner from 1st tags up, SAFE at 2nd
|
Batting: SHB Eric Moore
|
0-0: Called Strike 0-1: Ball 1-1: Ball 2-1: Swinging Strike 2-2: Ball 3-2: Strikes out looking
|
Bottom of the 4th over - 2 run(s), 3 hit(s), 0 error(s), 1 left on base; Yellowknife 2 - Athletic Club KC 3 |
TOP OF THE 5TH |
Yellowknife Dragonblood batting - Pitching for Athletic Club KC U-21 : RHP Haden Pittman
|
Batting: RHB Roberto Vázquez
|
0-0: Foul Ball, location: 2F 0-1: Called Strike 0-2: Ball 1-2: Fly out, F9 (Line Drive, 9M)
|
Batting: LHB Gonzalo Álvarez
|
0-0: Called Strike 0-1: Ground out 5-3 (Groundball, 5)
|
Batting: RHB Sacha Nieuwenburg
|
0-0: Called Strike 0-1: Hit by Pitch
|
Batting: LHB Cisco Padilla
|
0-0: Ball 1-0: Called Strike 1-1: Ball 2-1: Foul Ball, location: 2F 2-2: Foul Ball, location: 2F 2-2: SINGLE (Groundball, 15) (infield hit) Sacha Nieuwenburg to second
|
Batting: RHB Rodriguo Condea
|
0-0: Ball 1-0: Foul Ball, location: 2F 1-1: SINGLE (Groundball, 56D) Sacha Nieuwenburg to third Cisco Padilla to second Runner from 3rd tries for Home, SAFE, no throw or cutoff
|
Batting: LHB José Vargas
|
0-0: Ball 1-0: Called Strike 1-1: Ball 2-1: Ground out 1-3 (Groundball, 25)
|
Top of the 5th over - 1 run(s), 2 hit(s), 0 error(s), 2 left on base; Yellowknife 3 - Athletic Club KC 3 |
BOTTOM OF THE 5TH |
Athletic Club KC U-21 batting - Pitching for Yellowknife Dragonblood : RHP Esteban Ruíz
|
Batting: RHB Iván Chacón
|
0-0: Ball 1-0: SINGLE (Flyball, 89S)
|
Batting: RHB Diego Bonilla
|
0-0: Ball 1-0: Bunted foul 1-1: Bunted foul 1-2: Ground out 4-3 (Groundball, 4M) Iván Chacón to second
|
Batting: RHB Aurelio Álvarez
|
0-0: Ground out 4-3 (Groundball, 13) Iván Chacón to third
|
Batting: SHB Brent Adams
|
0-0: Called Strike 0-1: Ball 1-1: Foul Ball, location: 2F 1-2: Fly out, F5 (Line Drive, 56)
|
Bottom of the 5th over - 0 run(s), 1 hit(s), 0 error(s), 1 left on base; Yellowknife 3 - Athletic Club KC 3 |
TOP OF THE 6TH |
Yellowknife Dragonblood batting - Pitching for Athletic Club KC U-21 : RHP Haden Pittman
|
Batting: RHB Jason Mann
|
0-0: Swinging Strike 0-1: Swinging Strike 0-2: Ball 1-2: Fly out, F7 (Flyball, 78XD)
|
Batting: RHB Tomás Martínez
|
0-0: Ball 1-0: Called Strike 1-1: Swinging Strike 1-2: Strikes out swinging
|
Batting: SHB Mitch Qualtrough
|
0-0: Foul Ball, location: 2F 0-1: Ball 1-1: Called Strike 1-2: Ball 2-2: Foul Ball, location: 2F 2-2: Foul Ball, location: 2F 2-2: SINGLE (Flyball, 6MD)
|
Pitching: LHP Tim Risinger
|
|
Batting: RHB Roberto Vázquez
|
0-0: Ball 1-0: Called Strike Mitch Qualtrough steals 2nd base 1-1: Ball 2-1: Ball 3-1: Fly out, F7 (Flyball, 78M)
|
Top of the 6th over - 0 run(s), 1 hit(s), 0 error(s), 1 left on base; Yellowknife 3 - Athletic Club KC 3 |
BOTTOM OF THE 6TH |
Athletic Club KC U-21 batting - Pitching for Yellowknife Dragonblood : RHP Esteban Ruíz
|
Batting: RHB José Flores
|
0-0: Ball 1-0: Called Strike 1-1: Ball 2-1: Foul Ball, location: 2F 2-2: Strikes out swinging
|
Batting: LHB Domingo Gutiérrez
|
0-0: Ground out 4-3 (Groundball, 4)
|
Batting: RHB Maurice Quinn
|
0-0: Ball 1-0: SINGLE (Line Drive, 56D)
|
Batting: SHB Fernando Luna
|
0-0: Ball 1-0: SINGLE (Flyball, 8LM) Maurice Quinn to second
|
Batting: SHB Eric Moore
|
0-0: Foul Ball, location: 2F 0-1: Foul Ball, location: 2F 0-2: SINGLE (Groundball, 34D) Maurice Quinn to third Fernando Luna to second Runner from 3rd tries for Home, throw and OUT!
|
Bottom of the 6th over - 0 run(s), 3 hit(s), 0 error(s), 2 left on base; Yellowknife 3 - Athletic Club KC 3 |
TOP OF THE 7TH |
Yellowknife Dragonblood batting - Pitching for Athletic Club KC U-21 : LHP Tim Risinger
|
Pinch Hitting: RHB Miguel Uribe
|
0-0: Swinging Strike 0-1: Ball 1-1: Ball 2-1: Ball 3-1: SINGLE (Line Drive, 34D)
|
Pinch Hitting: RHB Jim Unknown
|
0-0: Ball 1-0: Ball 2-0: Fly out, F7 (Flyball, 78M)
|
Batting: LHB Cisco Padilla
|
0-0: Ball 1-0: Ball 2-0: Called Strike 2-1: Foul Ball, location: 2F 2-2: Strikes out swinging
|
Batting: RHB Rodriguo Condea
|
0-0: Ball 1-0: Fly out, F9 (Flyball, 9S)
|
Top of the 7th over - 0 run(s), 1 hit(s), 0 error(s), 1 left on base; Yellowknife 3 - Athletic Club KC 3 |
BOTTOM OF THE 7TH |
Athletic Club KC U-21 batting - Pitching for Yellowknife Dragonblood : RHP Esteban Ruíz
|
Now at 2B: Jim Unknown
|
|
Now in LF: Lloyd Walsh
|
|
Pinch Hitting: LHB Jim Unknown
|
0-0: Ball 1-0: Foul Ball, location: 2F 1-1: Ball 2-1: Swinging Strike 2-2: Strikes out swinging
|
Batting: RHB Diego Bonilla
|
0-0: Called Strike 0-1: Ball 1-1: Called Strike 1-2: Foul Ball, location: 2F 1-2: Ball 2-2: Ball 3-2: Reached on Error, E9 (Flyball, 89M)
|
Batting: RHB Aurelio Álvarez
|
0-0: Ball 1-0: Called Strike 1-1: Ball 2-1: 2-RUN HOME RUN (Flyball, 7D), Distance : 398 ft
|
Pitching: LHP Armando Gonzáles
|
|
Batting: SHB Brent Adams
|
0-0: Ball 1-0: Foul Ball, location: 2F 1-1: Ball 2-1: Ground out 4-3 (Groundball, 34)
|
Batting: RHB José Flores
|
0-0: Called Strike 0-1: Foul Ball, location: 2F 0-2: Fly out, F9 (Flyball, 89M)
|
Bottom of the 7th over - 2 run(s), 1 hit(s), 1 error(s), 0 left on base; Yellowknife 3 - Athletic Club KC 5 |
TOP OF THE 8TH |
Yellowknife Dragonblood batting - Pitching for Athletic Club KC U-21 : LHP Tim Risinger
|
Now in RF: Jim Unknown
|
|
Batting: LHB José Vargas
|
0-0: Ball 1-0: Ball 2-0: Called Strike 2-1: Reached on Error, E6 (Line Drive, 6)
|
Pitching: RHP Carlos Acosta
|
|
Batting: RHB Jason Mann
|
0-0: Swinging Strike 0-1: Swinging Strike 0-2: Ball 1-2: Foul Ball, location: 2F 1-2: Ball 2-2: Foul Ball, location: 2F 2-2: Strikes out swinging
|
Batting: RHB Tomás Martínez
|
0-0: Called Strike 0-1: Ball 1-1: Foul Ball, location: 2F 1-2: Ball 2-2: Strikes out looking
|
Pitching: LHP Alonso Muñíz
|
|
Batting: SHB Mitch Qualtrough
|
0-0: Called Strike 0-1: Ball 1-1: Foul Ball, location: 2F 1-2: Ball 2-2: Ground out 4-3 (Groundball, 4)
|
Top of the 8th over - 0 run(s), 0 hit(s), 1 error(s), 1 left on base; Yellowknife 3 - Athletic Club KC 5 |
BOTTOM OF THE 8TH |
Athletic Club KC U-21 batting - Pitching for Yellowknife Dragonblood : LHP Armando Gonzáles
|
Batting: LHB Domingo Gutiérrez
|
0-0: Ground out U3 (Groundball, 3S)
|
Batting: RHB Maurice Quinn
|
0-0: Foul Ball, location: 2F 0-1: Ground out 5-3 (Groundball, 5)
|
Batting: SHB Fernando Luna
|
0-0: Ground out 5-3 (Groundball, 5)
|
Bottom of the 8th over - 0 run(s), 0 hit(s), 0 error(s), 0 left on base; Yellowknife 3 - Athletic Club KC 5 |
TOP OF THE 9TH |
Yellowknife Dragonblood batting - Pitching for Athletic Club KC U-21 : LHP Alonso Muñíz
|
Pitching: RHP Roland Allen
|
|
Batting: RHB Roberto Vázquez
|
0-0: Ball 1-0: Ground out 5-3 (Groundball, 5)
|
Batting: RHB Lloyd Walsh
|
0-0: Ball 1-0: Fly out, F8 (Flyball, 8RM)
|
Batting: RHB Jim Unknown
|
0-0: Ball 1-0: Called Strike 1-1: SINGLE (Groundball, 5D)
|
Batting: LHB Cisco Padilla
|
0-0: Called Strike 0-1: Ball 1-1: Foul Ball, location: 2F 1-2: Ball 2-2: Ball 3-2: Foul Ball, location: 2F 3-2: Base on Balls Jim Unknown to second
|
Batting: RHB Rodriguo Condea
|
0-0: Fielders Choice at 2nd, U4 (Groundball, 4M)
|
Top of the 9th over - 0 run(s), 1 hit(s), 0 error(s), 2 left on base; Yellowknife 3 - Athletic Club KC 5 |
|